 Dungeon Crawl Stone Soup version 0.24.0-10-g970556be89 (webtiles) character file.

Game seed: 4102311122918405189, levelgen mode: deterministic

712 Iskender the Ducker (level 7, 0/51 HPs)
             Began as an Octopode Chaos Knight on Nov 4, 2019.
             Was a Plaything of Xom.
             Slain by an ogre
             ... wielding a +0 giant club
              (29 damage)
             ... on level 5 of the Dungeon.
             The game lasted 00:25:53 (4868 turns).

Iskender the Ducker (Octopode Chaos Knight)         Turns: 4868, Time: 00:25:55

Health: 0/51       AC:  2    Str: 13    XL:     7   Next: 68%
Magic:  7/7        EV: 16    Int: 19    God:    Xom [.*....]
Gold:   265        SH:  0    Dex: 13    Spells: 1/6 levels left

rFire    . . .     SeeInvis .   a - +0 spear
rCold    . . .     Gourm    .   (no shield)
rNeg     . . .     Faith    .   (helmet restricted)
rPois    .         Spirit   .   (no amulet)
rElec    .         Reflect  .   F - +2 ring of dexterity
rCorr    .         Harm     .   (no ring)
MR       .....                  (no ring)
Stlth    ++++......             (no ring)
HPRegen  0.17/turn              (no ring)
MPRegen  0.10/turn              (no ring)
                                (no ring)
                                (no ring)

@: hasted, very quick
A: almost no armour, stealthy swim, amphibious, 8 rings, constrict 8, rugged
brown scales 1, camouflage 1, clever 1, robust 1, strong 1, gelatinous body 1,
evolution 1, no potion heal 1
a: Renounce Religion


You were on level 5 of the Dungeon.
You worshipped Xom.
You were a plaything of Xom.
You were not hungry.

You visited 1 branch of the dungeon, and saw 5 of its levels.

You collected 265 gold pieces.

Inventory:

Hand Weapons
 a - a +0 spear (weapon)
 b - a +2 hunting sling of velocity
 g - a +0 spear of chaos
 j - a +0 hunting sling
 B - a +0 quarterstaff
Missiles
 d - 100 stones (quivered)
 l - 26 sling bullets
 m - 7 datura-tipped darts
 t - 34 poisoned darts
 D - 2 throwing nets
Jewellery
 f - an uncursed ring of fire
 F - a +2 ring of dexterity (left tentacle)
Wands
 p - a wand of iceblast (1)
 A - a wand of flame (11)
Scrolls
 e - a scroll of fog
 n - a scroll of enchant armour
 o - 3 scrolls of teleportation
 q - 3 scrolls of remove curse
 u - a scroll of magic mapping
 v - 3 scrolls of enchant weapon
 x - a scroll of identify
 y - a scroll of amnesia
Potions
 c - a potion of curing
 i - a potion of brilliance
 k - a potion of flight
 r - a potion of might
 s - 3 potions of haste
 w - a potion of invisibility
 z - a potion of agility
 C - a potion of ambrosia {unknown}
Comestibles
 h - 8 rations


   Skills:
 - Level 3.0 Fighting
 - Level 3.0 Polearms
 + Level 5.5 Dodging
 - Level 5.1 Stealth
 - Level 2.5 Charms
 - Level 4.2 Necromancy


You had one spell level left.
You knew the following spells:

 Your Spells              Type           Power        Failure   Level  Hunger
a - Pain                  Necr           ###.         3%          1    ##.....
c - Regeneration          Chrm/Necr      ##........   16%         3    ####...
n - Animate Skeleton      Necr           N/A          3%          1    ##.....

Your spell library contained the following spells:

 Spells                   Type           Power        Failure   Level  Hunger
 Vampiric Draining        Necr           ###.......   11%         3    ####...
 Animate Dead             Necr           N/A          36%         4    #####..


Dungeon Overview and Level Annotations

Branches:
Dungeon (5/15)
 Temple: D:4-7

Altars:
Ru
Xom

Shops:
D:4 =

Annotations:
D:5 exclusion: upstairs, Dowan, Duvessa


Innate Abilities, Weirdness & Mutations

You cannot wear most types of armour.
You are very stealthy in the water. (Stealth+)
You are amphibious.
You can wear up to eight rings at the same time.
You can use your tentacles to constrict eight enemies at once.
Your skin changes colour to match your surroundings (Stealth+).
Your rubbery body absorbs attacks. (AC +1, EV +1)
You are partially covered in rugged brown scales. (AC +1, +3% HP)
Your mind is acute. (Int +2)
You are robust. (+10% HP)
Your muscles are strong. (Str +2)
You evolve.
Potions are less effective at restoring your health.


Message History

The ogre is heavily wounded.
Firing (i - inventory. (/) - cycle)
l - 27 sling bullets (quivered)
Press: ? - help, Shift-Dir - straight line, f/p - ogre
Aim: an ogre, wielding a +0 giant club (heavily wounded)
You shoot a sling bullet. The sling bullet hits the ogre.
The ogre is severely wounded.
a - a +0 spear (weapon)
Attack whom?
Press: ? - help, Dir - move target cursor, f/p - ogre
Aim: an ogre, wielding a +0 giant club (severely wounded)
You reach to attack!
You barely miss the ogre.
The ogre is severely wounded.
You hit the ogre.
The ogre is severely wounded.
You barely miss the ogre.
The ogre is severely wounded.
The ogre hits you with a +0 giant club!!
Ouch! That really hurt!
You die... "I guess I need a new plaything now."

.........# .........
.......###.
.(....... #(#..#.###
#####.(......#
####......(.....#
.....###.<......####
..(((((.O@..........
########.###(######
....##...#
.......###)#
..........##.#
..........##.####
................#
................#
................#


You could see an ogre.

Vanquished Creatures
  A hornet (D:3)
  A centaur (D:5)
  A crimson imp (D:5)
  A hound (D:4)
  An orc priest (D:3)
  3 orc wizards
  A worker ant (D:4)
  14 adders
  A shadow imp (D:5)
  2 oozes
  2 worms
  6 leopard geckos
  18 orcs
  2 ball pythons (D:3)
  7 bats
  7 giant cockroaches
  9 goblins
  9 hobgoblins
  4 jackals (D:3)
  2 quokkas
  3 frilled lizards (D:3)
  4 kobolds
  A leopard gecko skeleton (D:4)
  A leopard gecko zombie (D:5)
  A quokka zombie (D:5)
  7 rats
109 creatures vanquished.

Notes
Turn   | Place    | Note
-------+----------+-------------------------------------------
     0 | D:1      | Iskender the Octopode Chaos Knight began the quest for the
                  | Orb.
     0 | D:1      | Reached XP level 1. HP: 16/16 MP: 1/1
    23 | D:1      | XOM: harmless Fire miscast
    70 | D:1      | Reached skill level 1 in Stealth
    89 | D:1      | XOM: silly message
   145 | D:1      | Reached XP level 2. HP: 21/21 MP: 2/2
   218 | D:1      | XOM: divination: detect creatures
   848 | D:2      | XOM: medium Conj miscast
   852 | D:2      | Reached XP level 3. HP: 20/26 MP: 3/3
   853 | D:2      | XOM: god gift: scale mail {god gift}
  1383 | D:2      | Reached skill level 5 in Stealth
  1383 | D:2      | Reached XP level 4. HP: 27/31 MP: 4/4
  1567 | D:2      | XOM: scenery: create altars
  1592 | D:2      | Found a sacrificial altar of Ru.
  1686 | D:2      | XOM: polymorph worker ant -> ooze
  1991 | D:3      | XOM: cast spell 'Necromutation'
  2126 | D:3      | XOM: give mutations
  2126 | D:3      | Gained mutation: You are robust. (+10% HP) [Xom's grace]
  2126 | D:3      | Gained mutation: Your mind is acute. (Int +2) [Xom's grace]
  2141 | D:3      | Reached XP level 5. HP: 29/39 MP: 5/5
  2146 | D:3      | XOM: divination: magic mapping
  2470 | D:3      | XOM: god gift: 7 datura-tipped darts
  2595 | D:3      | Found a faded altar of an unknown god.
  2600 | D:3      | XOM: god gift: 23 arrows
  2708 | D:3      | XOM: confuse monster(s)
  2711 | D:3      | Reached skill level 5 in Dodging
  2711 | D:3      | Reached XP level 6. HP: 46/46 MP: 6/6
  2997 | D:3      | XOM: cloud trail
  3205 | D:3      | XOM: give mutations
  3205 | D:3      | Gained mutation: Your muscles are strong. (Str +2) [Xom's
                  | grace]
  3205 | D:3      | Gained mutation: You evolve. [Xom's grace]
  3216 | D:3      | XOM: 2-stop teleportation journey
  3550 | D:4      | Learned a level 1 spell: Pain
  3667 | D:4      | XOM: scenery: 1 doors open
  3669 | D:4      | Learned a level 3 spell: Regeneration
  3671 | D:4      | Learned a level 1 spell: Animate Skeleton
  3683 | D:4      | Found Bosh's Jewellery Shop.
  3787 | D:4      | Reached skill level 1 in Necromancy
  3788 | D:4      | XOM: confusion (+ monsters)
  3929 | D:4      | XOM: harmless Air miscast
  4090 | D:4      | Noticed a sky beast
  4108 | D:4      | XOM is BORED!
  4108 | D:4      | XOM: medium Tmut miscast
  4145 | D:4      | XOM: confusion
  4146 | D:4      | XOM: noise
  4151 | D:3      | XOM: summons friendly white imp
  4180 | D:3      | Noticed a hornet
  4180 | D:3      | a sky beast changed into a hornet
  4180 | D:3      | XOM: polymorph sky beast -> hornet
  4184 | D:3      | Killed a hornet
  4184 | D:3      | Reached XP level 7. HP: 23/50 MP: 7/7
  4284 | D:3      | XOM: give mutations
  4284 | D:3      | Gained mutation: Potions are less effective at restoring
                  | your health. [Xom's mischief]
  4284 | D:3      | Gained mutation: You rapidly evolve. [Xom's mischief]
  4284 | D:3      | Gained mutation: You are partially covered in rugged brown
                  | scales. (AC +1, +3% HP) [Xom's mischief]
  4375 | D:4      | XOM: summons 2 hostile demons
  4376 | D:4      | Noticed an ice devil
  4586 | D:4      | XOM: harmless Air miscast
  4660 | D:4      | XOM: mild Tloc miscast
  4718 | D:4      | Lost mutation: You rapidly evolve. [decline of evolution]
  4728 | D:5      | Entered Level 5 of the Dungeon
  4774 | D:5      | Noticed Duvessa
  4774 | D:5      | Noticed Dowan
  4810 | D:5      | Reached skill level 1 in Charms
  4868 | D:5      | Slain by an ogre

Levels and vault maps discovered:
D:1:      onia_arrival_pentagram, layout_basic
D:2:      layout_basic, nicolae_ru_the_path_less_chosen,
          minmay_fractal_squares_5
D:3:      layout_basic, chequers_ecumenical_altar_simple, first_ration
D:4:      layout_loops_corners, serial_shops, nicolae_shop_trees
D:5:      layout_rooms, serial_shops, shop, uniq_ijyb, uniq_duvessa

Skill      XL: |  1  2  3  4  5  6  7 |
---------------+----------------------+-----
Stealth        | 2 3 5 |  5.1
Dodging        | 3 5 |  5.5
Necromancy     | 4 |  4.2
Charms         | 2 |  2.5
Fighting       | |  3.0
Polearms       | |  3.0

Action                   |  1- 3 |  4- 6 |  7- 9 || total
-------------------------+-------+-------+-------++-------
Melee: Spear             |    60 |   188 |    12 ||   260
       Constrict         |    11 |    37 |     1 ||    49
       Tentacles         |     6 |    18 |     2 ||    26
 Fire: Hunting sling     |     2 |    35 |    26 ||    63
Throw: Stone             |     1 |     2 |       ||     3
       Dart              |       |    33 |       ||    33
 Cast: Pain              |       |     4 |       ||     4
Evoke: Wand              |       |     5 |     1 ||     6
  Use: Scroll            |     7 |     4 |     2 ||    13
       Potion            |     1 |     2 |     1 ||     4
 Stab: Sleeping          |     8 |     6 |     1 ||    15
       Invisible         |       |     1 |       ||     1
  Eat: Ration            |     1 |       |       ||     1
       Chunk             |       |     7 |     2 ||     9
Armor: Skin              |     2 |     3 |     1 ||     6
Dodge: Dodged            |    25 |    77 |     4 ||   106
